 Dungeon Crawl Stone Soup version 0.24.0-37-gcf1ca852f1 (webtiles) character file.

Game seed: 11598184173262482875, levelgen mode: deterministic

44 PentaManta the Bolt Thrower (level 3, 0/24 HPs)
             Began as a Halfling Hunter on Dec 6, 2019.
             Slain by Ijyb
             ... wielding a +0 dagger
              (2 damage)
             ... on level 1 of the Dungeon.
             The game lasted 00:03:23 (1095 turns).

PentaManta the Bolt Thrower (Halfling Hunter)       Turns: 1095, Time: 00:03:23

Health: 0/24       AC:  3    Str: 13 (14) XL:     3   Next: 85%
Magic:  3/3        EV: 15    Int:  6 (9)  God:
Gold:   49         SH:  0    Dex: 13 (14) Spells: 2/2 levels left

rFire    . . .     SeeInvis .   a - +1 hand crossbow
rCold    . . .     Gourm    .   (shield restricted)
rNeg     . . .     Faith    .   c - +0 leather armour
rPois    .         Spirit   .   (no helmet)
rElec    .         Reflect  .   (no cloak)
rCorr    .         Harm     .   (no gloves)
MR       .....                  (no boots)
Stlth    ++........             (no amulet)
HPRegen  0.08/turn              (no ring)
MPRegen  0.08/turn              (no ring)

@: no status effects
A: small, mutation resistance 1
a: no special abilities


You were on level 1 of the Dungeon.
You were hungry.

You visited 1 branch of the dungeon, and saw 2 of its levels.

You collected 49 gold pieces.

Inventory:

Hand Weapons
 a - a +1 hand crossbow (weapon)
 b - a +0 short sword
 d - a +0 dagger
 n - a +0 dagger
Missiles
 m - 21 sling bullets
Armour
 c - a +0 leather armour (worn)
Scrolls
 e - a scroll of fear {unknown}
 g - a scroll of magic mapping {unknown}
 h - 3 scrolls of identify {unknown}
 i - 3 scrolls of remove curse {unknown}
 j - a scroll of noise {unknown}
Potions
 l - a potion of degeneration
Comestibles
 f - 2 rations


   Skills:
 - Level 1.7 Fighting
 + Level 4.9 Crossbows
 + Level 3.0 Dodging
 + Level 2.3 Stealth


You had 2 spell levels left.
You didn't know any spells.
Your spell library was empty.

Dungeon Overview and Level Annotations

Branches:
Dungeon (2/15)

Altars:

Annotations:
D:1 1 runed translucent door, Ijyb


Innate Abilities, Weirdness & Mutations

You are small and have problems with some larger weapons.
You are somewhat resistant to further mutation.


Message History

Ijyb closely misses you.
You see here a +0 club.
Ijyb misses you. Ijyb screams, "Me stronger than you!"
You see here 2 bolts.
k - 2 bolts Ijyb misses you.
Firing (i - inventory)
k - 2 bolts (quivered)
Press: ? - help, Shift-Dir - straight line, f/p - Ijyb
Aim: Ijyb, wielding a +0 dagger and wearing a +3 scale mail of magic resistance (severely wounded)
You shoot a bolt. The bolt hits Ijyb.
Ijyb is severely wounded.
Ijyb hits you but does no damage.
Firing (i - inventory)
k - a bolt (quivered)
Press: ? - help, Shift-Dir - straight line, f/p - Ijyb
Aim: Ijyb, wielding a +0 dagger and wearing a +3 scale mail of magic resistance (severely wounded)
You shoot a bolt. The bolt hits Ijyb.
Ijyb is almost dead.
Ijyb misses you. Ijyb hits you with a +0 dagger.
You die...

######..................
#......##...########.###
#..........####...##.###
#..##...........#......#
#..###.###.####....#.#.# #..# #.#
#.##........... ##########..# #.#
#.##.##.....###
.[......##..###.###.##.##.#.#.# #
#######.##...>.g@.#...)..)....# #
######.###..).....###..#.#.#.# #
#....[......#.#...###g##.....# #
#..........#.##...##..#####.## #
#.####.#####......#.#.#####.## #
#.####.#†.......#............###
##........###.##.#####...........
...####.#.# #)##.# #..........###
........#.# #.##.# #.########..##


You could see Ijyb.

Vanquished Creatures
  2 dart slugs (D:1)
  A leopard gecko (D:1)
  3 giant cockroaches (D:1)
  9 goblins
  A hobgoblin (D:1)
  A quokka (D:2)
  A ball python (D:1)
  3 bats (D:1)
  A frilled lizard (D:1)
  8 kobolds
  6 rats
36 creatures vanquished.

Notes
Turn   | Place    | Note
-------+----------+-------------------------------------------
     0 | D:1      | PentaManta the Halfling Hunter began the quest for the Orb.
     0 | D:1      | Reached XP level 1. HP: 14/14 MP: 1/1
     1 | D:1      | Found a runed translucent door.
    65 | D:1      | Reached XP level 2. HP: 17/19 MP: 2/2
   199 | D:1      | Reached XP level 3. HP: 24/24 MP: 3/3
   678 | D:2      | Noticed Ijyb
  1083 | D:1      | HP: 1/24 [Ijyb/+0 dagger (1)]
  1088 | D:1      | HP: 1/24 [Ijyb/+0 dagger (1)]
  1095 | D:1      | Slain by Ijyb

Levels and vault maps discovered:
D:1:      dpeg_arrival_caged_fury, layout_loops_ring, minmay_tromino_i4
D:2:      kennysheep_the_goblin_king, layout_rooms, grunt_decor_arrowhead

Skill      XL: |  1  2  3 |
---------------+----------+-----
Stealth        | 2 |  2.3
Dodging        | 3 |  3.0
Fighting       | |  1.7
Crossbows      | |  4.9

Action                   || total
-------------------------++-------
Melee: Short sword       ||    43
       Dagger            ||     6
 Fire: Hand crossbow     ||    93
  Use: Potion            ||     2
 Stab: Sleeping          ||     1
Armor: Leather armour    ||    22
Dodge: Dodged            ||    93
